 Dungeon Crawl Stone Soup version 0.21.1-1-g345015fe64 (webtiles) character file.

132 Kohma the Sneak (level 4, -5/21 HPs)
             Began as a Spriggan Enchanter on June 27, 2018.
             Killed from afar by Natasha (6 damage)
             ... with a magic dart
             ... on level 2 of the Dungeon.
             The game lasted 00:08:52 (3595 turns).

Kohma the Sneak (Spriggan Enchanter)                Turns: 3595, Time: 00:08:53

Health: -5/21      AC:  2    Str: 10    XL:     4   Next: 92%
Magic:  3/11       EV: 19    Int: 16    God:
Gold:   54         SH:  0    Dex: 16    Spells: 8/11 levels left

rFire    . . .     SeeInvis +   l - +0 dagger (speed)
rCold    . . .     Gourm    .   (shield restricted)
rNeg     . . .     Faith    .   b - +0 robe
rPois    .         Spirit   .   (helmet restricted)
rElec    .         Reflect  .   (no cloak)
rCorr    .         Harm     .   (gloves unavailable)
MR       .....                  (boots unavailable)
Stlth    +++.......             (no amulet)
HPRegen  0.07/turn              (no ring)
MPRegen  0.12/turn              (no ring)

@: mighty, very quick
A: very small, unfitting armour, see invisible, herbivore, speed 3, slow
metabolism 2
a: no special abilities


You were on level 2 of the Dungeon.
You were not hungry.

You visited 1 branch of the dungeon, and saw 2 of its levels.

You collected 54 gold pieces.

Inventory:

Hand Weapons
 a - a +1 dagger
 j - a +0 dagger
 l - a +0 dagger of speed (weapon)
Armour
 b - a +0 robe (worn)
Jewellery
 p - a cursed ring of loudness {unknown}
Scrolls
 e - a scroll of amnesia {unknown}
 g - 3 scrolls of identify {unknown}
 h - a scroll of fog {unknown}
 k - a scroll of teleportation {unknown}
 m - a scroll of remove curse {unknown}
 n - a scroll of magic mapping {unknown}
 o - a scroll of blinking {unknown}
Potions
 i - a potion of cancellation {unknown}
Books
 c - a book of Maledictions

   Spells                             Type                      Level
   a - Corona                         Hexes                        1
   b - Ensorcelled Hibernation        Hexes/Ice                    2
   c - Confuse                        Hexes                        3
   d - Tukima's Dance                 Hexes                        3
   e - Dazzling Spray                 Conjuration/Hexes            3
Comestibles
 d - a ration


   Skills:
 - Level 1.1 Short Blades
 * Level 4.0 Dodging
 * Level 5.3 Stealth
 - Level 4.0 Spellcasting
 - Level 5.0 Hexes
 + Level 0.6 Ice Magic


You had 8 spell levels left.
You knew the following spells:

 Your Spells              Type           Power        Failure   Level  Hunger
a - Corona                Hex            ###....      2%          1    None
b - Ensorcelled Hibernat  Hex/Ice        ##....       8%          2    ##.....


Dungeon Overview and Level Annotations

Branches:
Dungeon (2/15)

Altars:
Makhleb

Annotations:
D:1 fly, exclusion: downstairs
D:2 Natasha


Innate Abilities, Weirdness & Mutations

You are very small and have problems with some larger weapons.
You are too small for most types of armour.
You have supernaturally acute eyesight. (SInv)
You are a herbivore.
You cover ground extremely quickly.
You need consume almost no food.


Message History

Aiming: Ensorcelled Hibernation
Press: ? - help, Shift-Dir - straight line, f/p - Natasha
Aim: Natasha (chance to defeat MR: 43%) Natasha resists with some effort.
Natasha casts a spell at you.
You easily resist.
Casting: Ensorcelled Hibernation
Confirm with . or Enter, or press ? or * to list all spells.
Aiming: Ensorcelled Hibernation
Press: ? - help, Shift-Dir - straight line, f/p - Natasha
Aim: Natasha (chance to defeat MR: 43%) Natasha resists with some effort.
Natasha claws you!
* * * LOW HITPOINT WARNING * * *
It was a potion of might.
You feel very mighty all of a sudden.
Natasha howls an incantation.
You feel disoriented.
Natasha stares at you and mumbles some strange words.
The magic dart hits you!
You die...

#####.#.## # #........+
###. #.###.#..# ...#####
###.###.#..#
.####.#)..###.......#...
........................
####.....###.#........#
....h.#.#.....#..#.#.###
.####.#@...........#...#
#....h........#.#......
#.##..#.......#.#.##...
#†.##'######.#.##...
.......# ####.#.##...
.......... ........(...
..#..#.#########.....#...
....... #.....#... ##..
.. #.....#..)


You could see Natasha.

Vanquished Creatures
  Natasha (D:2)
  Terence (D:2)
  2 adders
  An ooze (D:1)
  A worm (D:2)
  2 dart slugs (D:1)
  2 leopard geckos
  4 giant cockroaches
  5 goblins
  7 hobgoblins
  6 kobolds
  A ball python (D:1)
  6 bats
  6 frilled lizards
  8 rats
53 creatures vanquished.

Notes
Turn   | Place    | Note
-------+----------+-------------------------------------------
     0 | D:1      | Kohma the Spriggan Enchanter began the quest for the Orb.
     0 | D:1      | Reached XP level 1. HP: 9/9 MP: 5/5
   343 | D:1      | Reached XP level 2. HP: 8/13 MP: 5/7
   447 | D:1      | Learned a level 2 spell: Ensorcelled Hibernation
  1425 | D:1      | Reached XP level 3. HP: 8/16 MP: 1/9
  2131 | D:2      | Noticed Terence
  2381 | D:2      | Found a burning altar of Makhleb.
  2392 | D:2      | Noticed a balrug
  2395 | D:2      | Noticed a ynoxinul
  2395 | D:2      | Noticed a smoke demon
  2440 | D:2      | Reached skill level 5 in Hexes
  2654 | D:2      | Reached XP level 4. HP: 21/21 MP: 11/11
  3106 | D:2      | Killed Terence
  3106 | D:2      | Reached skill level 5 in Stealth
  3387 | D:2      | Noticed Natasha
  3394 | D:2      | Killed Natasha
  3522 | D:2      | Noticed Natasha
  3594 | D:2      | HP: 1/21 [Natasha (9)]
  3595 | D:2      | Killed from afar by Natasha

Skill      XL: |  1  2  3  4 |
---------------+-------------+-----
Spellcasting   | 3 4 |  4.0
Hexes          | 4 5 |  5.0
Stealth        | 5 |  5.3
Dodging        | 4 |  4.0
Short Blades   | |  1.1
Ice Magic      | |  0.6

Action                   |  1- 3 |  4- 6 || total
-------------------------+-------+-------++-------
Melee: Dagger            |    88 |    17 ||   105
 Cast: Corona            |    10 |       ||    10
       Ensorcelled Hiber |    36 |    27 ||    63
  Use: Potion            |       |     1 ||     1
 Stab: Sleeping          |    30 |    13 ||    43
       Distracted        |       |     1 ||     1
  Eat: Ration            |     1 |     1 ||     2
Armor: Robe              |    12 |     4 ||    16
Dodge: Dodged            |    97 |    41 ||   138
